General information
- name: BNet
- type: Ladder team game (AT/RT)
- host: Battle.net
- saver: DanielCormier
map: TwilightRuins_LV
- players: 8
- length: 20:14
- speed: Fast
- version: 1.30 W3XP
- replay type: Public
» download(234 KB)
Players
team 1 (winner)
DanielCormier (
orange | 150 APM | 3034 actions | 20:14)
6 Tauren Chieftain
3 War Stomp
2 Endurance Aura
1 Reincarnation
5 Shadow Hunter
3 Hex
2 Healing Wave
3 Naga Sea Witch
2 Frost Arrows
1 Forked Lightning
» actions
| Assign group hotkey | 20 | |
| Basic commands | 231 | |
| Build / train | 92 | |
| ESC pressed | 3 | |
| Enter build submenu | 14 | |
| Enter hero's abilities submenu | 18 | |
| Give item / drop item | 4 | |
| Right click | 1270 | |
| Select / deselect | 663 | |
| Select group hotkey | 589 | |
| Use ability | 130 | |
3034 total
» units
| Peon | 22 | |
| Troll Headhunter/Berserker | 16 | |
| Goblin Shredder | 1 | |
39 total
» upgrades
| Troll Regeneration | 1 | |
| Armor | 3 | |
| Berserker Upgrade | 1 | |
| Ranged Weapons | 3 | |
8 total
» buildings
| Altar of Storms | 1 | |
| Orc Burrow | 4 | |
| War Mill | 1 | |
| Barracks | 1 | |
| Voodoo Lounge | 2 | |
| Stronghold | 1 | |
| Great Hall | 1 | |
| Fortress | 1 | |
| Watch Tower | 3 | |
15 total
» build order
00:04 Altar of Storms
00:06 Orc Burrow
00:26 War Mill
01:06 Barracks
01:57 Orc Burrow
02:41 Voodoo Lounge
03:52 Stronghold
05:07 Great Hall
05:46 Orc Burrow
06:38 Fortress
10:43 Orc Burrow
14:56 Watch Tower
14:58 Watch Tower
15:00 Watch Tower
20:07 Voodoo Lounge
» items
| Healing Salve | 6 | |
| Lesser Clarity Potion | 6 | |
| Scroll of Town Portal | 4 | |
| Orb of Lightning | 1 | |
| Potion of Mana | 3 | |
| Potion of Healing | 2 | |
| Tiny Great Hall | 2 | |
24 total

»
AnuelAA (
yellow | 154 APM | 3118 actions | 20:12)
4 Blademaster
2 Wind Walk
2 Critical Strike
» actions
| Assign group hotkey | 171 | |
| Basic commands | 61 | |
| Build / train | 65 | |
| ESC pressed | 17 | |
| Enter build submenu | 25 | |
| Enter hero's abilities submenu | 4 | |
| Give item / drop item | 4 | |
| Right click | 701 | |
| Select / deselect | 198 | |
| Select group hotkey | 1765 | |
| Use ability | 104 | |
3118 total
» units
| Peon | 10 | |
| Troll Batrider | 18 | |
| Raider | 3 | |
31 total
» upgrades
| Melee Weapons | 2 | |
| Reinforced Defenses | 2 | |
| Liquid Fire | 1 | |
| Ranged Weapons | 3 | |
8 total
» buildings
| Altar of Storms | 1 | |
| Orc Burrow | 7 | |
| Voodoo Lounge | 1 | |
| War Mill | 2 | |
| Stronghold | 2 | |
| Watch Tower | 7 | |
| Fortress | 2 | |
| Beastiary | 2 | |
| Barracks | 1 | |
25 total
» build order
00:02 Altar of Storms
00:03 Orc Burrow
00:40 Voodoo Lounge
01:18 War Mill
02:16 Stronghold
02:16 Stronghold
02:26 Orc Burrow
02:52 Watch Tower
03:08 Watch Tower
03:52 Watch Tower
04:00 Watch Tower
04:06 Watch Tower
04:49 War Mill
04:51 Orc Burrow
05:11 Fortress
05:11 Fortress
05:56 Watch Tower
06:23 Beastiary
06:30 Beastiary
07:42 Orc Burrow
08:32 Orc Burrow
10:50 Watch Tower
14:58 Orc Burrow
17:11 Orc Burrow
18:03 Barracks
» items
| Healing Salve | 2 | |
| Lesser Clarity Potion | 7 | |
| Boots of Speed | 1 | |
| Circlet of Nobility | 1 | |
| Orb of Lightning | 1 | |
12 total

»
Durrrr (
pink | 137 APM | 2767 actions | 20:12)
6 Blademaster
3 Wind Walk
3 Critical Strike
4 Shadow Hunter
2 Healing Wave
2 Hex
» actions
| Assign group hotkey | 44 | |
| Basic commands | 58 | |
| Build / train | 84 | |
| ESC pressed | 2 | |
| Enter build submenu | 36 | |
| Enter hero's abilities submenu | 16 | |
| Give item / drop item | 11 | |
| Remove unit from queue | 1 | |
| Right click | 1322 | |
| Select / deselect | 320 | |
| Select group hotkey | 767 | |
| Use ability | 106 | |
2767 total
» units
| Peon | 14 | |
| Grunt | 3 | |
| Wind Rider | 13 | |
| Tauren | 9 | |
39 total
» upgrades
| Berserker Strength | 1 | |
| Pulverize | 1 | |
| Armor | 5 | |
| Melee Weapons | 1 | |
| Envenomed Spears | 1 | |
| Reinforced Defenses | 1 | |
| Ranged Weapons | 3 | |
13 total
» buildings
| Altar of Storms | 1 | |
| Orc Burrow | 15 | |
| Barracks | 1 | |
| War Mill | 2 | |
| Stronghold | 3 | |
| Watch Tower | 1 | |
| Fortress | 3 | |
| Tauren Totem | 2 | |
| Voodoo Lounge | 1 | |
| Beastiary | 3 | |
| Great Hall | 1 | |
33 total
» build order
00:07 Altar of Storms
00:14 Orc Burrow
00:37 Barracks
01:28 Orc Burrow
01:50 War Mill
02:37 Stronghold
02:37 Stronghold
03:07 Stronghold
04:49 War Mill
05:13 Orc Burrow
05:26 Orc Burrow
05:29 Watch Tower
05:36 Fortress
05:36 Fortress
05:39 Tauren Totem
05:42 Tauren Totem
05:55 Voodoo Lounge
05:59 Beastiary
06:00 Beastiary
06:24 Fortress
06:28 Beastiary
07:38 Great Hall
08:08 Orc Burrow
12:04 Orc Burrow
12:16 Orc Burrow
17:21 Orc Burrow
17:23 Orc Burrow
17:27 Orc Burrow
17:27 Orc Burrow
17:28 Orc Burrow
17:29 Orc Burrow
19:53 Orc Burrow
19:54 Orc Burrow
» items
| Circlet of Nobility | 1 | |
| Healing Salve | 2 | |
| Scroll of Speed | 1 | |
| Scroll of Town Portal | 1 | |
| Boots of Speed | 1 | |
| Potion of Lesser Invulnerability | 1 | |
| Orb of Lightning | 2 | |
9 total
fenixc (
blue | 31 APM | 84 actions | 02:43)
1 Blademaster
1 Wind Walk
» actions
| Basic commands | 2 | |
| Build / train | 17 | |
| Enter build submenu | 6 | |
| Enter hero's abilities submenu | 1 | |
| Remove unit from queue | 1 | |
| Right click | 23 | |
| Select / deselect | 28 | |
| Use ability | 6 | |
84 total
» units
» buildings
| Orc Burrow | 2 | |
| Altar of Storms | 1 | |
| Voodoo Lounge | 1 | |
| Barracks | 1 | |
5 total
» build order
00:10 Orc Burrow
00:18 Altar of Storms
01:04 Voodoo Lounge
01:19 Barracks
01:49 Orc Burrow
» items
| Lesser Clarity Potion | 1 | |
| Healing Salve | 1 | |
2 total
team 2 (loser)
Paai (
teal | 80 APM | 1546 actions | 19:22)
4 Keeper of the Grove
1 Force of Nature
2 Entangling Roots
1 Thorns Aura
» actions
| Assign group hotkey | 177 | |
| Basic commands | 174 | |
| Build / train | 42 | |
| ESC pressed | 1 | |
| Enter build submenu | 16 | |
| Enter hero's abilities submenu | 4 | |
| Give item / drop item | 1 | |
| Right click | 617 | |
| Select / deselect | 271 | |
| Select group hotkey | 165 | |
| Use ability | 78 | |
1546 total
» units
| Wisp | 18 | |
| Archer | 1 | |
| Huntress | 3 | |
| Mountain Giant | 2 | |
| Dryad | 7 | |
31 total
» upgrades
| Abolish Magic | 1 | |
| Strength of the Wild | 1 | |
| Reinforced Hides | 1 | |
3 total
» buildings
| Altar of Elders | 1 | |
| Moon Well | 6 | |
| Ancient of War | 1 | |
| Hunter's Hall | 1 | |
| Tree of Ages | 1 | |
| Ancient of Lore | 2 | |
| Ancient of Wonders | 1 | |
| Tree of Life | 1 | |
| Tree of Eternity | 1 | |
| Ancient Protector | 1 | |
16 total
» build order
00:07 Altar of Elders
00:18 Moon Well
00:35 Ancient of War
01:32 Moon Well
02:23 Hunter's Hall
03:10 Tree of Ages
03:46 Moon Well
05:50 Ancient of Lore
05:51 Ancient of Lore
06:25 Ancient of Wonders
06:40 Moon Well
09:33 Moon Well
09:33 Moon Well
10:38 Tree of Life
12:31 Tree of Eternity
14:19 Ancient Protector
» items
Jack_Mehoff (
red | 52 APM | 1041 actions | 20:05)
4 Death Knight
2 Death Coil
2 Death Pact
1 Archmage
1 Summon Water Elemental
» actions
| Basic commands | 1 | |
| Build / train | 86 | |
| Enter build submenu | 38 | |
| Enter hero's abilities submenu | 5 | |
| Right click | 451 | |
| Select / deselect | 369 | |
| Use ability | 91 | |
1041 total
» units
| Acolyte | 13 | |
| Ghoul | 6 | |
| Crypt Fiend | 9 | |
| Footman | 6 | |
| Obsidian Statue | 1 | |
| Goblin Shredder | 1 | |
| Frost Wyrm | 6 | |
| Knight | 7 | |
| Priest | 4 | |
| Peasant | 1 | |
54 total
» upgrades
| Creature Carapace | 1 | |
| Web | 1 | |
| Masonry | 1 | |
| Lumber Harvesting | 1 | |
| Creature Attack | 2 | |
| Priest Training | 2 | |
| Burrow | 1 | |
9 total
» buildings
| Altar of Darkness | 1 | |
| Crypt | 1 | |
| Ziggurat | 15 | |
| Graveyard | 1 | |
| Tomb of Relics | 1 | |
| Nerubian Tower | 1 | |
| Halls of the Dead | 1 | |
| Lumber Mill | 1 | |
| Slaughterhouse | 1 | |
| Guard Tower | 2 | |
| Keep | 1 | |
| Black Citadel | 1 | |
| Blacksmith | 2 | |
| Sacrificial Pit | 1 | |
| Castle | 1 | |
| Farm | 2 | |
| Town Hall | 2 | |
| Spirit Tower | 6 | |
| Boneyard | 2 | |
| Arcane Sanctum | 1 | |
44 total
» build order
00:25 Altar of Darkness
00:29 Crypt
00:36 Ziggurat
00:59 Graveyard
01:23 Tomb of Relics
01:53 Ziggurat
02:16 Nerubian Tower
03:17 Halls of the Dead
03:52 Ziggurat
05:56 Lumber Mill
06:16 Slaughterhouse
06:48 Guard Tower
06:50 Keep
07:20 Black Citadel
07:55 Guard Tower
08:19 Ziggurat
08:21 Ziggurat
08:22 Ziggurat
08:24 Ziggurat
08:41 Blacksmith
08:46 Blacksmith
09:24 Sacrificial Pit
09:31 Castle
09:38 Farm
09:47 Town Hall
09:56 Ziggurat
09:58 Ziggurat
10:13 Spirit Tower
10:14 Spirit Tower
10:30 Boneyard
10:33 Boneyard
10:58 Arcane Sanctum
12:22 Farm
14:31 Spirit Tower
14:56 Ziggurat
14:58 Ziggurat
15:04 Ziggurat
15:13 Ziggurat
15:24 Ziggurat
15:26 Ziggurat
17:01 Spirit Tower
17:24 Spirit Tower
17:41 Town Hall
17:58 Spirit Tower
» items

»
faast (
green | 43 APM | 867 actions | 20:12)
3 Crypt Lord
1 Carrion Beetles
1 Impale
1 Spiked Carapace
2 Dreadlord
1 Sleep
1 Carrion Swarm
1 Archmage
1 Brilliance Aura
» actions
| Basic commands | 6 | |
| Build / train | 68 | |
| Enter build submenu | 26 | |
| Enter hero's abilities submenu | 6 | |
| Give item / drop item | 1 | |
| Remove unit from queue | 5 | |
| Right click | 305 | |
| Select / deselect | 388 | |
| Use ability | 62 | |
867 total
» units
| Acolyte | 6 | |
| Ghoul | 7 | |
| Footman | 3 | |
| Crypt Fiend | 7 | |
| Necromancer | 2 | |
| Knight | 2 | |
27 total
» upgrades
| Creature Attack | 3 | |
| Web | 1 | |
| Creature Carapace | 1 | |
| Burrow | 1 | |
| Necromancer Training | 2 | |
| Swords | 3 | |
| Plating | 3 | |
| Skeletal Mastery | 1 | |
| Magic Sentry | 1 | |
| Masonry | 2 | |
| Animal War Training | 1 | |
19 total
» buildings
| Ziggurat | 8 | |
| Altar of Darkness | 1 | |
| Crypt | 1 | |
| Tomb of Relics | 1 | |
| Nerubian Tower | 1 | |
| Halls of the Dead | 1 | |
| Graveyard | 1 | |
| Scout Tower | 3 | |
| Farm | 5 | |
| Arcane Tower | 1 | |
| Spirit Tower | 4 | |
| Necropolis | 2 | |
| Sacrificial Pit | 1 | |
| Temple of the Damned | 1 | |
| Black Citadel | 1 | |
32 total
» build order
00:09 Ziggurat
00:13 Altar of Darkness
00:28 Crypt
01:05 Ziggurat
01:38 Ziggurat
02:03 Tomb of Relics
03:22 Nerubian Tower
03:55 Halls of the Dead
04:03 Graveyard
04:20 Ziggurat
04:37 Ziggurat
05:15 Scout Tower
05:16 Scout Tower
05:18 Farm
05:19 Farm
05:38 Scout Tower
05:51 Arcane Tower
06:18 Spirit Tower
06:20 Spirit Tower
07:56 Necropolis
08:03 Spirit Tower
08:24 Farm
09:31 Sacrificial Pit
09:52 Ziggurat
09:58 Temple of the Damned
10:17 Black Citadel
11:32 Necropolis
12:15 Ziggurat
12:44 Spirit Tower
15:08 Farm
16:16 Farm
16:32 Ziggurat
» items
| Potion of Healing | 4 | |
| Scroll of Town Portal | 1 | |
5 total
c0tt0nm0uth (
purple | 147 APM | 743 actions | 05:02)
2 Archmage
1 Summon Water Elemental
1 Brilliance Aura
» actions
| Assign group hotkey | 42 | |
| Basic commands | 10 | |
| Build / train | 27 | |
| Enter build submenu | 8 | |
| Enter hero's abilities submenu | 2 | |
| Right click | 361 | |
| Select / deselect | 104 | |
| Select group hotkey | 165 | |
| Use ability | 24 | |
743 total
» units
» buildings
| Altar of Kings | 1 | |
| Farm | 5 | |
| Barracks | 1 | |
| Scout Tower | 1 | |
| Arcane Tower | 2 | |
10 total
» build order
00:11 Altar of Kings
00:15 Farm
00:19 Barracks
00:56 Farm
01:35 Farm
01:51 Scout Tower
02:23 Arcane Tower
02:23 Arcane Tower
02:31 Farm
03:31 Farm
» items
Chat log
(00:27 / Allies) Durrrr: quad orc
(00:28 / Allies) Durrrr: rush?
(00:31 / Allies) fenixc: wyvs hh shammy
(00:33 / Allies) AnuelAA: all bm
(00:35 / Allies) AnuelAA: easy win
(00:39 / Allies) Durrrr: rush??
(00:43 / Allies) AnuelAA: hero rush
(00:45 / Allies) AnuelAA: not unit
(00:48 / Allies) AnuelAA: all meelee sucks
(00:58 / Allies) Durrrr: im making some grunts
(02:43 / Allies) Durrrr: i amso bad with 2
(02:43 / Allies) AnuelAA: me2 lol
(02:55 / Allies) Durrrr: oj?
(04:23 / Allies) Durrrr: everyone work blue to bats
(04:31 / Allies) AnuelAA: im already going bats
(04:34 / Allies) AnuelAA: get him tauren
(04:44 / Allies) Durrrr: j
(04:46 / Allies) Durrrr: k
(06:51 / Allies) AnuelAA: omw oj
(11:44 / Allies) DanielCormier: if ur batting
(11:46 / Allies) DanielCormier: u should hall soon
(12:11 / Allies) DanielCormier: i cant fight that army technically
(14:23 / Allies) DanielCormier: transition ur units
(15:49 / Allies) DanielCormier: no map presence
(16:29 / Allies) DanielCormier: tauren soon
(18:26 / Allies) DanielCormier: kill
(18:31 / Allies) DanielCormier: NO HEROES THERE
(19:11 / All) Jack_Mehoff: GG green u suck the wprst